 Dungeon Crawl Stone Soup version 0.29-a0-25-g7f48f510a0 (webtiles) character file.

Game seed: 4371669399584107181

84 funkygono the Firebug (level 4, -12/24 HPs)
             Began as a Gargoyle Fire Elementalist on Jan 31, 2022.
             Mangled by Crazy Yiuf (13 damage)
             ... on level 2 of the Dungeon.
             The game lasted 00:02:43 (2079 turns).

funkygono the Firebug (Gargoyle Fire Elementalist)  Turns: 2079, Time: 00:02:44

Health: -12/24     AC:  5    Str: 18    XL:     4   Next: 45%
Magic:  2/8        EV: 11    Int: 17    God:
Gold:   26         SH:  0    Dex: 10    Spells: 2/8 levels left

rFire   . . .      SeeInvis .   l - +0 mace
rCold   . . .      Faith    .   (no shield)
rNeg    + . .      Spirit   .   a - +0 robe
rPois   ∞          Reflect  .   (no helmet)
rElec   +          Harm     .   (no cloak)
rCorr   .          Rampage  .   (no gloves)
Will    .....                   (no boots)
Stlth   ++........              (no amulet)
HPRegen 0.08/turn               h - +6 ring of strength
MPRegen 0.11/turn               (no ring)

@: no status effects
A: sickness immunity, AC +3, negative energy resistance 1, electricity
resistance, torment resistance 1, petrification resistance
a: no special abilities


You were on level 2 of the Dungeon.
You visited 1 branch of the dungeon, and saw 2 of its levels.

You collected 26 gold pieces.

Inventory:

Hand Weapons
 f - a +0 whip
 l - a +0 mace (weapon)
Missiles
 g - 26 stones
 k - a throwing net
Armour
 a - a +0 robe (worn)
Magical Staves
 b - a staff of air
Jewellery
 h - a +6 ring of strength (left hand)
 m - a ring of wizardry
Scrolls
 c - 3 scrolls of identify {unknown}
 e - 3 scrolls of teleportation {unknown}
Potions
 d - a potion of invisibility {unknown}
 i - a potion of cancellation {unknown}
 j - a potion of brilliance {unknown}


   Skills:
 + Level 1.5 Dodging
 - Level 2.1 Stealth
 * Level 2.8 Spellcasting
 * Level 1.8 Conjurations
 * Level 4.3 Fire Magic


You had 2 spell levels left.
You knew the following spells:

 Your Spells              Type           Power      Damage    Failure   Level
a - Foxfire               Conj/Fire      48%        2x1d6     4%          1
b - Scorch                Fire           34%        2d7       4%          2
c - Conjure Flame         Conj/Fire      12%        6-21      16%         3

Your spell library contained the following spells:

 Spells                   Type           Power      Damage    Failure   Level
 Inner Flame              Hex/Fire       9%         N/A       22%         3
 Flame Wave               Conj/Fire      12%        2d6       45%         4


Dungeon Overview and Level Annotations

Branches:
Dungeon (2/15)

Altars:
Fedhas

Annotations:
D:2 Crazy Yiuf


Innate Abilities, Weirdness & Mutations

You are immune to sickness and miasma.
Your stone body is resilient. (AC +3)
You are immune to poison.
You resist negative energy. (rN+)
You are resistant to electric shocks. (rElec)
You are resistant to unholy torment.
You are immune to petrification.


Message History

Casting: Foxfire (safe; 4% risk of failure)
Confirm with . or Enter, or press ? or * to list all spells.
You conjure some foxfire!
The foxfire hits the quokka.
The quokka is moderately wounded.
Your foxfire dissipates!
The foxfire hits the quokka.
You kill the quokka!
Your foxfire dissipates!
You see here a quokka corpse.
Found a runed mace.
Found a runed translucent door.
As you open the door, it creaks loudly!
Crazy Yiuf shouts!
Casting: Foxfire (safe; 4% risk of failure)
Confirm with . or Enter, or press ? or * to list all spells.
Flames lash Crazy Yiuf.
Crazy Yiuf is moderately wounded.
Crazy Yiuf's fire resistance burns away.
Casting: Scorch (safe; 4% risk of failure)
Confirm with . or Enter, or press ? or * to list all spells.
Flames lash Crazy Yiuf.
Crazy Yiuf is burned terribly!
Crazy Yiuf is severely wounded.
Casting: Scorch (safe; 4% risk of failure)
Confirm with . or Enter, or press ? or * to list all spells.
Flames lash Crazy Yiuf but do no damage.
Crazy Yiuf barely misses you.
Unknown command.
You barely miss Crazy Yiuf.
Crazy Yiuf is severely wounded.
Crazy Yiuf hits you with a +3 quarterstaff of chaos!
Ouch! That really hurt!
* * * LOW HITPOINT WARNING * * *
Crazy Yiuf freezes you.
* * * LOW HITPOINT WARNING * * *
Crazy Yiuf says, "Pitchfork!
Leather meccalolo cloud."
Casting: Scorch (safe; 4% risk of failure)
Confirm with . or Enter, or press ? or * to list all spells.
You conjure some foxfire!
Crazy Yiuf hits you with a +3 quarterstaff of chaos!
Ouch! That really hurt!
You die...

#######..###
^..
#.......####
#'#
........†..#
#.##
##########.#
##.# # #.#
#.## # #.#
##.# # #.#
##.## # #.#
##gP.# #.#
#.@v.# #.#
##v.##
#.####....#
#........##
#####...##
#####


You could see Crazy Yiuf (combustible, ally target).

Vanquished Creatures
  4 adders (D:2)
  A dart slug (D:2)
  3 endoplasms
  4 giant cockroaches
  3 goblins
  4 hobgoblins (D:1)
  5 quokkas
  5 ball pythons
  2 bats (D:1)
  4 frilled lizards (D:1)
  5 kobolds
  5 rats
45 creatures vanquished.

Vanquished Creatures (others)
  106 foxfires
106 creatures vanquished.

Grand Total: 151 creatures vanquished

Notes
Turn   | Place    | Note
-------+----------+-------------------------------------------
     0 | D:1      | funkygono the Gargoyle Fire Elementalist began the quest
                  | for the Orb.
     0 | D:1      | Reached XP level 1. HP: 10/10 MP: 3/3
   367 | D:1      | Reached XP level 2. HP: 15/15 MP: 0/5
   370 | D:1      | Learned a level 2 spell: Scorch
   816 | D:1      | Reached XP level 3. HP: 19/19 MP: 4/6
   820 | D:1      | Learned a level 3 spell: Conjure Flame
  1470 | D:2      | Reached skill level 4 in Fire Magic
  1574 | D:2      | Found a blossoming altar of Fedhas.
  1662 | D:2      | Reached XP level 4. HP: 24/24 MP: 4/8
  2064 | D:2      | Found a runed translucent door.
  2065 | D:2      | Noticed Crazy Yiuf
  2072 | D:2      | HP: 1/24 [Crazy Yiuf (6)]
  2079 | D:2      | Mangled by Crazy Yiuf

Illustrated notes

Levels and vault maps discovered:
D:1:      erik_arrival_cave_to_civilisation [erik_arrival_cave_to_hall],
          layout_basic, chequers_serial_rivers_marsh, chequers_avenue,
          amethyst_killhole, st_stairs_10, minmay_unequal
D:2:      layout_rooms, basic_altar, uniq_crazy_yiuf_cottage

Skill      XL: |  1  2  3 |
---------------+----------+-----
Fire Magic     | 4 |  4.3
Dodging        | |  1.5
Stealth        | |  2.1
Spellcasting   | |  2.8
Conjurations   | |  1.8

Action                   |  1- 3 |  4- 6 || total
-------------------------+-------+-------++-------
Melee: Whip              |    13 |     2 ||    15
       Staff             |     2 |       ||     2
       Punch             |     1 |       ||     1
       Mace              |       |     1 ||     1
 Cast: Foxfire           |    51 |    10 ||    61
       Scorch            |     5 |     7 ||    12
Armor: Robe              |     4 |     2 ||     6
Dodge: Dodged            |    13 |     1 ||    14

Table legend: (Time is in decaauts)
 A = Elapsed time spent in this place.
 B = Non-inter-level travel time spent in this place.
 C = Inter-level travel time spent in this place.
 D = Time resting spent in this place.
 E = Time spent auto-exploring this place.
 F = Levels seen in this place.
 G = Mean time per level.
                   A        B        C        D        E       F      G
               +--------+--------+--------+--------+--------+-----+--------+
         Total |   2082 |   2070 |     12 |      0 |   1758 |   2 | 1041.0 |
       Dungeon |   2082 |   2070 |     12 |      0 |   1758 |   2 | 1041.0 |
               +--------+--------+--------+--------+--------+-----+--------+

Top non-repeatable levels by time:
     D:1: 1420 daAuts
     D:2: 661 daAuts
